 Dungeon Crawl Stone Soup version 0.26.0-7-g794d0892b4 (webtiles) character file.

Game seed: 11302147139878672397

1676209 Strat the Wrestler (level 27, 269/269 HPs)
             Began as a Ghoul Warper on Jan 10, 2021.
             Was the Champion of Okawaru.
             Escaped with the Orb
             ... and 3 runes on Jan 11, 2021!
             The game lasted 03:10:40 (73351 turns).

Strat the Wrestler (Ghoul Warper)                  Turns: 73351, Time: 03:10:41

Health: 269/269    AC: 33    Str: 31 (32) XL:     27
Magic:  29/29      EV: 25    Int: 16 (17) God:    Okawaru [******]
Gold:   3868       SH: 23    Dex:  8      Spells: 14/29 levels left

rFire    + + .     SeeInvis .     - Unarmed
rCold    + . .     Faith    .   P - +1 kite shield {AC+3}
rNeg     + + +     Spirit   +   z - quicksilver dragon scales
rPois    ∞         Reflect  .   M - +2 helmet {Int+3}
rElec    .         Harm     .   q - +2 cloak {rCorr}
rCorr    +         Rampage  .   (no gloves)
Will     +++..                  R - +2 pair of boots "Xosoec" {rCorr Str+4}
Stlth    ..........             p - brooch of Shielding {Spirit SH+8}
HPRegen  0.54/turn              Q - ring of the Hare {EV+8}
MPRegen  0.21/turn              a - ring of Bacluorua {+Blink rF++ AC+4 Int+6}

@: no status effects
A: claws 1, cold resistance 1, negative energy resistance 3, inhibited
regeneration, torment resistance, unbreathing
0: Orb of Zot
}: 3/15 runes: serpentine, barnacled, silver
a: Renounce Religion, Evoke Blink, Heroism, Finesse


You escaped.
You worshipped Okawaru.
Okawaru was exalted by your worship.
You visited 9 branches of the dungeon, and saw 47 of its levels.
You visited the Abyss 1 time.
You visited 3 bazaars.
You also visited: Ice Cave and Wizlab.

You collected 7493 gold pieces.
You spent 3625 gold pieces at shops.

Inventory:

Missiles
 d - 22 boomerangs of dispersal
 h - 113 silver javelins
 r - 12 silver boomerangs
 u - 101 javelins (quivered)
 H - 16 throwing nets
 U - 33 atropa-tipped darts
Armour
 q - a +2 cloak of preservation (worn)
 v - a scarf of repulsion
 z - quicksilver dragon scales (worn)
 J - a +2 tower shield of protection
 M - a +2 helmet of intelligence (worn)
 P - a +1 kite shield of protection (worn)
 R - the +2 pair of boots "Xosoec" (worn) {rCorr Str+4}
   (Okawaru gifted it to you on level 3 of the Shoals)

   It affects your strength (+4).
   It provides partial protection from all sources of acid and corrosion.
 Z - the +2 cloak of the Thief {*Fog Slay-2 SInv Stlth+}
   (Okawaru gifted it to you on level 5 of the Vaults)

   It affects your accuracy and damage with ranged weapons and melee attacks
   (-2).
   It lets you see invisible.
   It makes you more stealthy.
Jewellery
 a - the ring of Bacluorua (right claw) {+Blink rF++ AC+4 Int+6}
   (You bought it in a shop on level 1 of the Depths)

   [ring of protection]

   It affects your AC (+4).
   It affects your intelligence (+6).
   It greatly protects you from fire.
   It lets you blink.
 n - the ring "Nillo" {rElec rPois Int+2 Dex+2 SInv}
   (You found it on level 2 of the Abyss)

   [ring of see invisible]

   It affects your intelligence (+2).
   It affects your dexterity (+2).
   It insulates you from electricity.
   It protects you from poison.
   It lets you see invisible.
 p - the brooch of Shielding (around neck) {Spirit SH+8}
   (You found it on level 6 of the Lair of Beasts)

   [amulet of guardian spirit]

   It causes incoming damage to be split between your health and magic.
   It affects your SH (+8).
 I - a +4 ring of slaying
 Q - the ring of the Hare (left claw) {EV+8}
   (You bought it in a shop on level 13 of the Dungeon)

   [ring of evasion]

   It affects your evasion (+8).
Wands
 g - a wand of paralysis (28)
 i - a wand of enslavement (43)
 w - a wand of disintegration (59)
 B - a wand of flame (21)
 E - a wand of acid (15)
 K - a wand of polymorph (62)
 O - a wand of iceblast (45)
 V - a wand of digging (8)
Scrolls
 b - 4 scrolls of blinking
 j - 5 scrolls of magic mapping
 m - 20 scrolls of remove curse
 o - 17 scrolls of teleportation
 t - a scroll of amnesia
 x - 5 scrolls of silence
 y - 11 scrolls of fog
 A - 4 scrolls of fear
 D - 6 scrolls of identify
 Y - 10 scrolls of enchant armour
Potions
 c - 6 potions of flight
 e - 4 potions of haste
 f - 2 potions of magic
 k - 10 potions of curing
 l - 5 potions of resistance
 s - 6 potions of attraction
 C - a potion of might
 G - a potion of ambrosia
 N - a potion of invisibility
 T - 5 potions of cancellation
Miscellaneous
 F - a condenser vane
 S - a box of beasts


   Skills:
 + Level 26.0 Fighting
 - Level 15.0 Throwing
 - Level 15.8 Armour
 - Level 13.0 Dodging
 - Level 15.0 Shields
 + Level 26.0 Unarmed Combat
 - Level 1.7 Spellcasting
 - Level 5.0 Necromancy
 - Level 6.0 Translocations
 - Level 10.0 Invocations
 - Level 13.3 Evocations


You had 14 spell levels left.
You knew the following spells:

 Your Spells              Type           Power        Failure   Level
a - Blink                 Tloc           N/A          3%          2
b - Lesser Beckoning      Tloc           10%          7%          3
c - Apportation           Tloc           40%          2%          1
d - Animate Skeleton      Necr           34%          3%          1
e - Passage of Golubria   Tloc           N/A          22%         4
f - Corpse Rot            Necr/Air       N/A          14%         2
g - Swiftness             Air            1%           38%         2

Your spell library contained the following spells:

 Spells                   Type           Power        Failure   Level
 Gell's Gravitas          Tloc           10%          7%          3
 Teleport Other           Tloc           20%          7%          3
 Corona                   Hex            1%           26%         1
 Foxfire                  Conj/Fire      4%           26%         1
 Freeze                   Ice            4%           26%         1
 Magic Dart               Conj           4%           26%         1
 Shock                    Conj/Air       4%           26%         1
 Summon Small Mammal      Summ           4%           26%         1
 Dispel Undead            Necr           17%          34%         4
 Call Imp                 Summ           1%           38%         2
 Ensorcelled Hibernation  Hex/Ice        2%           38%         2
 Poisonous Vapours        Pois/Air       2%           38%         2
 Slow                     Hex            1%           38%         2
 Call Canine Familiar     Summ           1%           63%         3
 Confusing Touch          Hex            1%           63%         3
 Conjure Flame            Conj/Fire      1%           63%         3
 Dazzling Flash           Conj/Hex       2%           63%         3
 Ignite Poison            Fire/Tmut/Pois 1%           63%         3
 Inner Flame              Hex/Fire       1%           63%         3
 Mephitic Cloud           Conj/Pois/Air  1%           63%         3
 Static Discharge         Conj/Air       1%           63%         3
 Stone Arrow              Conj/Erth      2%           63%         3
 Summon Guardian Golem    Hex/Summ       1%           63%         3
 Tukima's Dance           Hex            1%           63%         3
 Agony                    Necr           17%          67%         5
 Excruciating Wounds      Necr           8%           67%         5
 Summon Forest            Summ/Tloc      5%           91%         5
 Airstrike                Air            0%           95%         4
 Cause Fear               Hex            0%           95%         4
 Hailstorm                Conj/Ice       1%           95%         4
 Petrify                  Tmut/Erth      1%           95%         4
 Sticky Flame             Conj/Fire      1%           95%         4
 Summon Ice Beast         Ice/Summ       1%           95%         4
 Summon Lightning Spire   Summ/Air       1%           95%         4
 Borgnjor's Vile Clutch   Necr/Erth      4%           95%         5
 Alistair's Intoxication  Tmut/Pois      0%           100%        5
 Bolt of Magma            Conj/Fire/Erth 0%           100%        5
 Fireball                 Conj/Fire      0%           100%        5
 Irradiate                Conj/Tmut      0%           100%        5
 Iskenderun's Battlesphe  Conj           1%           100%        5
 Lightning Bolt           Conj/Air       0%           100%        5
 Metabolic Englaciation   Hex/Ice        0%           100%        5
 Silence                  Hex/Air        0%           100%        5
 Yara's Violent Unravell  Hex/Tmut       0%           100%        5
 Eringya's Noxious Bog    Tmut/Pois      0%           100%        6
 Freezing Cloud           Conj/Ice/Air   0%           100%        6
 Iron Shot                Conj/Erth      0%           100%        6
 Ozocubu's Refrigeration  Ice            0%           100%        6
 Shadow Creatures         Summ           N/A          100%        6
 Simulacrum               Ice/Necr       4%           100%        6
 Starburst                Conj/Fire      0%           100%        6
 Orb of Destruction       Conj           0%           100%        7
 Spellforged Servitor     Conj/Summ      0%           100%        7
 Summon Hydra             Summ           0%           100%        7
 Discord                  Hex            0%           100%        8
 Ignition                 Fire           0%           100%        8
 Shatter                  Erth           0%           100%        9
 Tornado                  Air            0%           100%        9
 Sublimation of Blood     Necr           Unusable     N/A         2
 Ice Form                 Ice/Tmut       Unusable     N/A         4
 Hydra Form               Tmut           Unusable     N/A         6

Dungeon Overview and Level Annotations

Branches:
Dungeon (15/15)            Temple (1/1) D:6            Lair (6/6) D:8
 Shoals (4/4) Lair:3        Snake (4/4) Lair:2        Slime (0/5) Lair:5
    Orc (2/2) D:10            Elf (0/3) Orc:2        Vaults (5/5) D:13
  Crypt (0/3) Vaults:2     Depths (5/5) D:15            Zot (5/5) Depths:5
  IceCv (visited)          WizLab (visited)

Altars:
Ashenzari
Cheibriados
Dithmenos
Elyvilon
Fedhas
Gozag
Hepliaklqana
Kikubaaqudgha
Makhleb
Nemelex Xobeh
Okawaru
Qazlal
Ru
Sif Muna
Trog
Uskayaw
Vehumet
Wu Jian
Xom
Yredelemnul
Zin
The Shining One
Beogh
Lugonu

Shops:
D:11 *   D:12 *   D:13 =   Orc:2 (([!   Shoals:2 }   Shoals:3 *   Snake:2 }
Vaults:2 !   Vaults:3 (   Vaults:5 [   Depths:1 =

Portals:
Hell: Depths:1 Depths:2 Depths:3 Depths:4 Depths:5
Abyss: Shoals:2 Depths:3 Depths:4
Pandemonium: Depths:1 Depths:3 Depths:4
Ziggurat: Depths:3

Annotations:
D:8 4 runed translucent doors
D:15 2 transporters, brae's ghost, adept HuBe
Lair:3 1 runed translucent door, Helmschank's ghost, journeyman TrMo
Shoals:1 2 transporters, fearitself's ghost, adept MiBe


Innate Abilities, Weirdness & Mutations

You thrive by killing the living.
You are immune to poison.
You have sharp fingernails.
Your flesh is cold resistant. (rC+)
You are immune to negative energy. (rN+++)
You do not regenerate when monsters are visible.
You are immune to unholy pain and torment.
You can survive without breathing.


Message History

You scratch the infernal demonspawn but do no damage.
You block the infernal demonspawn's attack.
You closely miss the infernal demonspawn.
You claw the infernal demonspawn!
The infernal demonspawn is moderately wounded.
You block the infernal demonspawn's attack.
You eviscerate the infernal demonspawn!!!
You kill the infernal demonspawn!
Okawaru accepts your kill.
You feel better.
No target in view!
(D) Dungeon (T) Temple (L) Lair (A) Shoals (P) Snake Pit (M) Slime Pits (O) Orcish Mines (E) Elven Halls (V) Vaults (C) Crypt (U) Depths (H) Hell (Z) Zot
Where to? (Enter - D:1 @ (x,y), ? - help) Magic restored.
There is an open door here.
There is a staircase leading out of the dungeon here.
You have escaped!

##.#####
#.....########
###...##.....#
#.≈.##.....#
#.≈.##.....#
#.≈..'.....#
#.≈.##.....#
#...##.....#
#...##..@..#
#.8.##.....#
#...########
#####


There were no monsters in sight!

Vanquished Creatures
  5 ancient liches
  6 orbs of fire
  A juggernaut (Depths:3)
  Boris (twice) (Vaults:5 Depths:2)
  6 Killer Klowns (Zot:5)
  Saint Roka (Orc:2)
  4 curse toes
  Margery (Vaults:5)
  4 caustic shrikes
  7 golden dragons
  Nikola (Shoals:3)
  Jory (Depths:3)
  the Enchantress (Depths:4)
  2 electric golems
  6 liches
  Jorgrun (Shoals:1)
  A Cloud Mage (WizLab)
  9 tentacled monstrosities
  24 Orb Guardians
  6 titans
  Asterion (Snake:2)
  An Executioner (D:4)
  Frances (D:13)
  Agnes (Snake:3)
  6 death cobs
  9 sphinxes
  Kirke (Shoals:1)
  Polyphemus (Shoals:3)
  3 quicksilver dragons
  A tentacled starspawn (Abyss:2)
  A kraken (Shoals:2)
  7 tengu reavers
  3 shadow dragons
  16 storm dragons
  Donald (Vaults:2)
  3 draconian monks
  5 draconian scorchers
  7 nagarajas (Snake:4)
  3 deep elf sorcerers
  10 frost giants
  9 fire giants
  15 vault wardens
  2 balrugs
  Aizul (Snake:1)
  4 iron dragons
  6 draconian shifters
  3 ghost moths
  2 juggernaut zombies
  4 draconian annihilators
  8 draconian knights
  17 ironheart preservers
  4 spriggan defenders
  29 stone giants
  2 draconian stormcallers (Zot:5)
  17 very ugly things
  4 war gargoyles
  7 vampire knights
  A caustic shrike skeleton (Depths:3)
  2 lorocyprocas
  4 green draconians
  13 red draconians
  8 deep elf annihilators
  6 yellow draconians
  2 entropy weavers
  5 purple draconians
  6 black draconians
  13 white draconians
  A bunyip (Lair:2)
  A deep elf demonologist (Vaults:5)
  Snorg (D:12)
  17 spark wasps
  10 merfolk javelineers
  4 blizzard demons
  20 ettins
  26 fire dragons
  3 deep elf death magi
  12 merfolk impalers
  32 vault guards
  13 yaktaur captains
  23 ice dragons
  2 rakshasas
  13 naga warriors
  12 great orbs of eyes
  6 spriggan air magi
  An alligator snapping turtle (Shoals:3)
  A catoblepas (Shoals:3)
  16 centaur warriors
  2 ghost crabs (WizLab)
  4 boulder beetles
  An anaconda (shapeshifter) (Depths:4)
  15 anacondas
  5 satyrs
  3 death knights
  22 ogre magi
  73 two-headed ogres
  14 hydras
  4 merfolk avatars
  3 tengu warriors
  3 orc high priests (Orc:2)
  9 merfolk aquamancers
  A vampire mage (Depths:5)
  10 deep troll shamans
  9 death yaks
  12 deep troll earth magi
  8 spriggan berserkers
  4 shock serpents
  Nergalle (D:11)
  14 hell knights
  6 spriggans
  2 sun demons (Depths:5)
  7 small abominations
  10 naga sharpshooters
  8 skeletal warriors
  Sonja (D:11)
  An iron troll (Depths:1)
  A shadow wraith (Abyss:2)
  3 deep elf knights
  3 death drakes (shapeshifter)
  4 flayed ghosts
  2 salamander mystics
  6 unseen horrors
  An iron troll (shapeshifter) (Depths:2)
  7 wizards
  4 death drakes (WizLab)
  A sixfirhy (Abyss:2)
  A golden dragon zombie (Depths:1)
  17 sea snakes
  4 starcursed masses (Abyss:2)
  An unseen horror (shapeshifter) (Vaults:1)
  32 deep trolls
  4 glowing orange brains
  5 naga ritualists
  4 deep elf archers
  16 ironbrand convokers
  A lindwurm (Lair:4)
  17 orc knights
  An orange crystal statue (Depths:4)
  An infernal demonspawn (D:1)
  A wolf spider zombie (D:14)
  5 phantasmal warriors
  20 harpies
  6 mana vipers
  12 necromancers
  A tengu skeleton (Depths:4)
  4 wolf spiders
  A shadow dragon skeleton (Abyss:2)
  10 cyclopes
  An iron dragon zombie (Depths:2)
  17 fauns
  A sphinx skeleton (Depths:3)
  13 deep elf magi
  48 ugly things
  A fire giant zombie (Depths:3)
  5 orc sorcerers (Orc:2)
  10 salamanders
  13 slime creatures
  11 guardian serpents (Snake:4)
  An oklob plant (Snake:1)
  10 manticores
  11 merfolk sirens
  13 moths of wrath
  An iron dragon skeleton (Depths:4)
  10 naga magi
  11 elephants
  A spriggan zombie (Depths:3)
  10 water nymphs
  12 vault sentinels
  2 smoke demons (Abyss:2)
  A titan simulacrum (Vaults:3)
  2 fire giant skeletons
  29 black mambas
  A gargoyle (D:14)
  2 apocalypse crabs
  5 spectral swamp worms (Depths:3)
  2 cane toads (shapeshifter)
  A hellion (Abyss:2)
  21 cane toads
  5 centaur skeletons
  2 efreet
  8 rime drakes
  10 freezing wraiths
  38 yaktaurs
  2 spriggan skeletons (Depths:2)
  17 komodo dragons
  A tormentor (D:1)
  A komodo dragon (shapeshifter) (Vaults:4)
  A guardian mummy (Zot:4)
  An ice devil (Abyss:2)
  2 tengu conjurers
  2 ancient zymes (Abyss:2)
  A hellwing (Depths:4)
  2 trolls (shapeshifter)
  41 merfolk
  3 trolls
  A sphinx simulacrum (Depths:1)
  A meliai (shapeshifter) (Depths:1)
  20 polar bears
  A shadow dragon simulacrum (Depths:1)
  11 hornets
  8 wind drakes
  A fire dragon zombie (Depths:1)
  A hornet (shapeshifter) (D:15)
  A blink frog (Lair:2)
  7 snapping turtles
  A meliai zombie (D:14)
  4 dream sheep (Shoals:1)
  2 human simulacra (Vaults:2)
  6 large abominations
  3 ynoxinuls (Abyss:2)
  15 air elementals (WizLab)
  2 vampires
  3 hogs (Shoals:1)
  22 humans (D:13)
  A tarantella (shapeshifter) (Depths:5)
  16 water elementals
  4 wraiths
  4 wyverns
  3 redbacks (Vaults:3)
  58 yaks
  4 basilisks
  A fire bat (shapeshifter) (Vaults:5)
  A hog (shapeshifter) (D:14)
  2 chaos spawn (Abyss:2)
  2 neqoxecs (Abyss:2)
  2 steam dragons
  6 vampire mosquitoes
  4 wargs
  42 nagas
  2 soldier ants
  A floating eye (Depths:2)
  22 water moccasins
  3 hell hounds (Depths:4)
  3 acid dragons
  2 black bears
  4 ice beasts
  41 orc warriors
  An eye of draining (shapeshifter) (Depths:1)
  An eye of draining (D:12)
  2 spriggan simulacra
  7 sky beasts
  An ogre (shapeshifter) (Vaults:3)
  A boggart (shapeshifter) (Vaults:5)
  4 necrophages
  A phantom (D:8)
  13 boggarts
  A tengu (shapeshifter) (Depths:2)
  17 wolves
  54 ogres
  37 centaurs
  A big kobold (D:9)
  30 bullfrogs
  2 yaktaur zombies (Depths:1)
  A gnoll sergeant (D:9)
  2 wyvern zombies (D:10)
  2 wyvern skeletons
  5 scorpions
  5 killer bees
  14 wights
  3 electric eels
  2 howler monkeys
  8 jellies
  A crimson imp (Depths:4)
  4 quasits
  3 centaur zombies
  11 hounds
  20 orc priests
  Crazy Yiuf (D:4)
  An iron imp (Abyss:2)
  2 bullfrog skeletons
  2 iguanas
  7 hell rats (Lair:5)
  19 orc wizards
  10 worker ants
  2 howler monkey zombies
  A worker ant zombie (D:10)
  5 gnolls (D:9)
  9 adders
  A river rat (D:6)
  2 shadow imps
  4 white imps
  5 ufetubi
  2 oozes
  2 adder skeletons
  4 worms
  2 dart slugs (D:5)
  7 leopard geckos
  92 orcs
  A ball python (D:5)
  6 giant cockroaches
  4 goblins
  4 hobgoblins
  11 jackals
  10 quokkas
  7 bats
  6 frilled lizards
  A giant cockroach zombie (D:5)
  A jackal skeleton (D:7)
  9 kobolds
  A leopard gecko zombie (D:5)
  2 quokka skeletons
  A quokka zombie (D:6)
  10 rats
  A butterfly (Lair:4)
  2 starspawn tentacles (Abyss:2)
  4 tentacles (Shoals:2)
2282 creatures vanquished.

Vanquished Creatures (collateral kills)
  A very ugly thing (Depths:3)
  An ugly thing (Depths:3)
2 creatures vanquished.

Vanquished Creatures (others)
  2 tentacled monstrosities
  An Orb Guardian (Zot:5)
  An eldritch tentacle (Zot:5)
  A ghost moth (Zot:4)
  A draconian scorcher (Zot:1)
  2 spriggan air magi
  2 ogre magi
  A vampire mage (Depths:2)
  A shock serpent (WizLab)
  A spriggan (Depths:3)
  A naga mage (Snake:4)
  2 apocalypse crabs
  A rime drake (shapeshifter) (Depths:4)
  A tormentor (Abyss:2)
  A polar bear (IceCv)
  A hornet (Depths:3)
  A human (Shoals:1)
  2 ogres
  A boggart (Vaults:3)
  An orc wizard (D:12)
  A shadow imp (Zot:3)
  An orc (D:12)
  A bush (Lair:6)
  93 fungi
  2 lurking horrors (Shoals:2)
  243 plants
  A starspawn tentacle (Abyss:2)
  8 tentacles (Shoals:2)
375 creatures vanquished.

Grand Total: 2659 creatures vanquished

Notes
Turn   | Place    | Note
-------+----------+-------------------------------------------
     0 | D:1      | Strat the Ghoul Warper began the quest for the Orb.
     0 | D:1      | Reached XP level 1. HP: 17/17 MP: 2/2
   178 | D:1      | Reached XP level 2. HP: 24/24 MP: 3/3
   592 | D:1      | Reached XP level 3. HP: 29/29 MP: 4/4
  1885 | D:2      | Found a broken altar of Ashenzari.
  2095 | D:2      | Noticed an ogre
  2098 | D:2      | Reached XP level 4. HP: 36/36 MP: 5/5
  2621 | D:2      | Found an opulent altar of Gozag.
  3073 | D:3      | Reached skill level 5 in Unarmed Combat
  3290 | D:3      | Reached XP level 5. HP: 44/44 MP: 6/6
  3354 | D:3      | Found an ancient bone altar of Kikubaaqudgha.
  3569 | D:4      | Reached XP level 6. HP: 32/52 MP: 7/7
  3736 | D:4      | Found a glowing drain.
  4141 | D:4      | Found a runed translucent door.
  4142 | D:4      | Noticed Crazy Yiuf
  4276 | D:4      | Found a snail-covered altar of Cheibriados.
  4422 | D:4      | Killed Crazy Yiuf
  4647 | D:5      | Entered Level 5 of the Dungeon
  4647 | D:5      | Noticed an ice beast
  4752 | D:5      | Reached XP level 7. HP: 46/60 MP: 8/8
  4837 | D:5      | Reached skill level 5 in Fighting
  4938 | D:5      | Learned a level 2 spell: Blink
  4942 | D:5      | Learned a level 3 spell: Lesser Beckoning
  5616 | D:5      | Found a blossoming altar of Fedhas.
  5882 | D:5      | Found a shadowy altar of Dithmenos.
  5920 | D:5      | Reached XP level 8. HP: 58/68 MP: 9/9
  6177 | D:6      | Found a staircase to the Ecumenical Temple.
  6200 | Temple   | Entered the Ecumenical Temple
  6383 | D:6      | Found an iron altar of Okawaru.
  6425 | D:6      | Became a worshipper of Warmaster Okawaru
  6975 | D:7      | Reached skill level 10 in Unarmed Combat
  7068 | D:7      | Reached skill level 1 in Armour
  7467 | D:7      | Reached * piety under Okawaru
  7661 | D:7      | Reached XP level 9. HP: 70/74 MP: 10/10
  8435 | D:8      | Found a sparkling altar of Nemelex Xobeh.
  8733 | D:8      | Reached skill level 5 in Armour
  8741 | D:8      | Reached ** piety under Okawaru
  8996 | D:8      | Found a staircase to the Lair.
  9188 | D:8      | Found a large runed translucent door.
  9188 | D:8      | Noticed a centaur warrior
  9189 | D:8      | Found a large runed translucent door.
  9219 | D:8      | Found a large runed translucent door.
  9219 | D:8      | Found a large runed translucent door.
  9414 | D:8      | Reached XP level 10. HP: 80/83 MP: 11/11
  9483 | D:8      | Reached *** piety under Okawaru
  9650 | D:8      | Noticed a death yak
  9693 | D:8      | Killed a death yak
  9693 | D:8      | Reached **** piety under Okawaru
 10591 | D:9      | Reached XP level 11. HP: 73/94 MP: 12/12
 10894 | D:9      | Found a hazy altar of Hepliaklqana.
 11127 | D:10     | Entered Level 10 of the Dungeon
 11170 | D:10     | Noticed a two-headed ogre
 11190 | D:10     | Killed a two-headed ogre
 11191 | D:10     | Reached skill level 15 in Unarmed Combat
 11298 | D:10     | Reached ***** piety under Okawaru
 11311 | D:10     | Reached skill level 1 in Invocations
 11499 | D:10     | Noticed an unseen horror
 11505 | D:10     | Killed an unseen horror
 11625 | D:10     | Found a staircase to the Orcish Mines.
 11690 | D:10     | Noticed a two-headed ogre
 11712 | D:10     | Killed a two-headed ogre
 12270 | D:11     | Noticed Nergalle
 12282 | D:11     | Killed Nergalle
 12288 | D:11     | Reached skill level 5 in Invocations
 12339 | D:11     | Noticed a boulder beetle
 12724 | D:11     | Noticed Sonja
 12772 | Orc:1    | Entered Level 1 of the Orcish Mines
 12910 | D:11     | Killed Sonja
 12945 | D:11     | Found Ukixesm's Assorted Antiques.
 12980 | D:11     | Reached ****** piety under Okawaru
 13140 | D:11     | Noticed an unseen horror
 13155 | D:11     | Killed an unseen horror
 13195 | D:11     | Killed a boulder beetle
 13195 | D:11     | Received a gift from Okawaru
 13196 | D:11     | Reached XP level 12. HP: 57/101 MP: 12/16
 14109 | D:12     | Noticed Snorg
 14309 | Lair:1   | Entered Level 1 of the Lair of Beasts
 15292 | Lair:1   | Noticed an eight-headed hydra
 15697 | Orc:2    | Entered Level 2 of the Orcish Mines
 15730 | Orc:2    | Received a gift from Okawaru
 16204 | Lair:2   | Noticed a five-headed hydra
 16211 | Lair:2   | Noticed a bunyip
 16211 | Lair:2   | a five-headed hydra changed into a bunyip
 16217 | Lair:2   | Killed a bunyip
 16302 | Lair:2   | Noticed an eight-headed hydra
 16339 | Lair:2   | Noticed a boulder beetle
 16518 | Lair:2   | Noticed a six-headed hydra
 16602 | Lair:2   | Killed a boulder beetle
 16892 | Lair:2   | Found a staircase to the Snake Pit.
 17048 | Lair:2   | Reached skill level 10 in Fighting
 17195 | Lair:2   | HP: 2/106 [bullfrog (4)]
 17996 | Lair:2   | Noticed a seven-headed hydra
 18000 | Lair:2   | Killed a seven-headed hydra
 18027 | Lair:2   | Reached XP level 13. HP: 114/114 MP: 18/18
 18149 | Lair:2   | Reached skill level 10 in Armour
 19538 | Lair:3   | Found a runed translucent door.
 19540 | Lair:3   | Noticed Helmschank's ghost (journeyman TrMo)
 19915 | Lair:3   | Found a staircase to the Shoals.
 20208 | Lair:3   | Received a gift from Okawaru
 20699 | Lair:4   | Got a polished hand crossbow
 20700 | Lair:4   | Identified the cursed +0 hand crossbow of Extermination
                  | {venom, *Corrode rC+ Str+3} (You found it on level 4 of the
                  | Lair of Beasts)
 22767 | Lair:5   | Got a masterwork ring mail
 22774 | Lair:5   | Identified the +1 ring mail of Divine Compulsion {*Corrode
                  | Will+++ Int+4 SInv} (You found it on level 5 of the Lair of
                  | Beasts)
 22820 | Lair:5   | Reached XP level 14. HP: 76/126 MP: 19/19
 23021 | Lair:5   | Received a gift from Okawaru
 23674 | Lair:5   | Found a staircase to the Slime Pits.
 23878 | Lair:6   | Entered Level 6 of the Lair of Beasts
 24782 | Lair:6   | Received a gift from Okawaru
 25281 | Lair:6   | Found the brooch of Shielding {Spirit SH+8}
 25320 | Lair:6   | Got a dazzling longbow
 25355 | Lair:6   | Identified the +6 longbow of Suddelar {flame, rC+ Stlth+}
                  | (You found it on level 6 of the Lair of Beasts)
 26066 | Orc:2    | Found a staircase to the Elven Halls.
 26078 | Orc:2    | Noticed Saint Roka
 26100 | Orc:2    | Killed Saint Roka
 26120 | Orc:2    | Received a gift from Okawaru
 26589 | Orc:2    | Reached XP level 15. HP: 36/132 MP: 6/20
 27494 | Orc:2    | Found Suol Qur's Antique Weapon Shop.
 27503 | Orc:2    | Found Rigiskuo's Weapon Shoppe.
 27543 | Orc:2    | Paralysed by an orc sorcerer for 6 turns
 27614 | Orc:2    | Found Cacruton's Antique Armour Shoppe.
 27616 | Orc:2    | Found Dolih's Distillery.
 27653 | Orc:2    | Bought a crude kite shield for 294 gold pieces
 27653 | Orc:2    | Identified the +5 kite shield "Qoloklunn" {Int+5} (You
                  | bought it in a shop on level 2 of the Orcish Mines)
 27656 | Orc:2    | Bought a potion of heal wounds for 70 gold pieces
 27656 | Orc:2    | Bought a potion of heal wounds for 70 gold pieces
 27656 | Orc:2    | Bought a potion of heal wounds for 70 gold pieces
 27858 | D:12     | Found Vusiypn's Changing Room.
 27925 | D:12     | Killed Snorg
 27926 | D:12     | Reached skill level 1 in Shields
 28601 | D:13     | Received a gift from Okawaru
 28628 | D:13     | Noticed Frances
 28646 | D:13     | Killed Frances
 28888 | D:13     | Got a crystal hunting sling
 28898 | D:13     | Identified the cursed +0 hunting sling of Fydghup {flame,
                  | Int+4} (You found it on level 13 of the Dungeon)
 29044 | D:13     | Found a roughly hewn altar of Beogh.
 29167 | D:13     | Found Arerov's Jewellery Emporium.
 29457 | D:13     | Received a gift from Okawaru
 29527 | D:13     | Found a gate to the Vaults.
 29799 | D:14     | Found a frozen archway.
 29812 | IceCv    | Entered an ice cave
 29827 | IceCv    | Reached skill level 5 in Shields
 30199 | IceCv    | Noticed a frost giant
 30238 | IceCv    | Killed a frost giant
 30306 | IceCv    | Identified the Almanac of the Frostbite
 30311 | IceCv    | Got a dazzling plate armour
 30500 | D:14     | Identified the cursed +1 plate armour "Xeyhur" {rPois Str+4
                  | Dex+3} (You found it in an ice cave)
 30536 | D:14     | Reached skill level 15 in Fighting
 30787 | D:14     | Reached XP level 16. HP: 149/149 MP: 21/21
 31002 | D:14     | Identified a scroll of acquirement
 31002 | D:14     | Acquired 668 gold pieces
 31074 | D:13     | Bought the ring of the Hare {EV+8} for 1920 gold pieces
 31074 | D:13     | Found the ring of the Hare {EV+8}
 31335 | D:14     | Reached skill level 1 in Throwing
 31397 | D:14     | Received a gift from Okawaru
 31406 | D:14     | Got a crude scale mail {god gift}
 31407 | D:14     | Identified the +1 scale mail "Etruum" {+Fly Dex+4} (Okawaru
                  | gifted it to you on level 14 of the Dungeon)
 31512 | D:15     | Entered Level 15 of the Dungeon
 32263 | D:15     | Reached skill level 5 in Throwing
 32470 | D:15     | Found a staircase to the Depths.
 32629 | D:15     | Found a transporter.
 32631 | D:15     | Found a transporter.
 32632 | D:15     | Noticed brae's ghost (adept HuBe)
 32998 | Snake:1  | Entered Level 1 of the Snake Pit
 33286 | Snake:1  | Noticed Aizul
 33307 | Snake:1  | Killed Aizul
 33501 | Snake:1  | Received a gift from Okawaru
 33728 | Snake:1  | Found an opulent altar of Gozag.
 34140 | Snake:2  | Received a gift from Okawaru
 34350 | Snake:2  | Noticed Asterion
 34371 | Snake:2  | Killed Asterion
 34371 | Snake:2  | Received a gift from Okawaru
 34396 | Snake:2  | Reached XP level 17. HP: 140/162 MP: 20/22
 34464 | Snake:2  | Found Waonasoru's Gadget Boutique.
 35911 | Snake:3  | Noticed Agnes
 35922 | Snake:3  | Killed Agnes
 36111 | Snake:4  | Entered Level 4 of the Snake Pit
 36388 | Snake:4  | Received a gift from Okawaru
 37021 | Snake:4  | Received a gift from Okawaru
 37534 | Snake:4  | Reached skill level 10 in Shields
 37534 | Snake:4  | Reached XP level 18. HP: 132/176 MP: 17/23
 37718 | Snake:4  | Received a gift from Okawaru
 37968 | Snake:4  | Got a serpentine rune of Zot
 38114 | Shoals:1 | Entered Level 1 of the Shoals
 38114 | Shoals:1 | Noticed Kirke
 38147 | Shoals:1 | Killed Kirke
 38147 | Shoals:1 | Received a gift from Okawaru
 38148 | Shoals:1 | Found a transporter.
 38221 | Shoals:1 | Found a flickering gateway to a bazaar.
 38239 | Bazaar   | Entered a bazaar
 38368 | Bazaar   | Found Jatseoda's Antique Weapon Shop.
 38401 | Bazaar   | Found Xuolitz's Book Boutique.
 38431 | Bazaar   | Found Fedweahug's Weapon Shop.
 38431 | Bazaar   | Found Hawehes's Weapon Boutique.
 38625 | Shoals:1 | Received a gift from Okawaru
 38713 | Shoals:1 | Noticed fearitself's ghost (adept MiBe)
 38734 | Shoals:1 | Found a transporter.
 38768 | Shoals:1 | Noticed Jorgrun
 38797 | Shoals:1 | Killed Jorgrun
 38858 | Shoals:1 | Received a gift from Okawaru
 38865 | Shoals:1 | Got a faintly humming hat {god gift}
 38953 | Shoals:1 | Identified the -3 hat "Hyjokoa" {rC+ Regen+} (Okawaru
                  | gifted it to you on level 1 of the Shoals)
 39415 | Shoals:2 | Found a one-way gate to the infinite horrors of the Abyss.
 39844 | Shoals:2 | Found a corrupted altar of Lugonu.
 40933 | Shoals:2 | Found Memuthem's Gadget Shop.
 41003 | Shoals:3 | Noticed Polyphemus
 41382 | Shoals:3 | Found Deapt's Assorted Antiques.
 41543 | Shoals:3 | Noticed Nikola
 41565 | Shoals:3 | Killed Nikola
 41618 | Shoals:3 | Received a gift from Okawaru
 41625 | Shoals:3 | Reached XP level 19. HP: 131/185 MP: 19/24
 42262 | Shoals:3 | Killed Polyphemus
 42262 | Shoals:3 | Received a gift from Okawaru
 42265 | Shoals:3 | Got a pair of ichor-stained boots {god gift}
 42525 | Shoals:3 | Identified the +2 pair of boots "Xosoec" {rCorr Str+4}
                  | (Okawaru gifted it to you on level 3 of the Shoals)
 42713 | Shoals:4 | Entered Level 4 of the Shoals
 43462 | Shoals:4 | Found the +7 pair of quick blades "Gyre" and "Gimble"
                  | {protect}
 43713 | Shoals:4 | Reached skill level 5 in Dodging
 43754 | Shoals:4 | Got a barnacled rune of Zot
 43962 | Shoals:4 | Received a gift from Okawaru
 44174 | Shoals:4 | Received a gift from Okawaru
 44429 | Shoals:4 | Received a gift from Okawaru
 45011 | Vaults:1 | Entered Level 1 of the Vaults
 45067 | Vaults:1 | Received a gift from Okawaru
 45310 | Vaults:1 | Received a gift from Okawaru
 45461 | Vaults:1 | You fall into a shaft and drop 1 floor!
 45657 | Vaults:2 | Received a gift from Okawaru
 45658 | Vaults:2 | Found the +2 Maxwell's thermic engine {flame, freeze}
 45727 | Vaults:2 | Paralysed by an ogre mage for 3 turns
 45730 | Vaults:2 | Noticed Donald
 45732 | Vaults:2 | Reached XP level 20. HP: 144/193 MP: 21/25
 45751 | Vaults:2 | Killed Donald
 45981 | Vaults:2 | Found Joacirub's Distillery.
 46054 | Vaults:2 | Received a gift from Okawaru
 46086 | Vaults:2 | Received a gift from Okawaru
 46434 | Vaults:2 | Found a staircase to the Crypt.
 46457 | Vaults:2 | Got an encrusted hat {god gift}
 46458 | Vaults:2 | Identified the +0 hat of Sehetel {Dex+7 Slay+2 Stlth+}
                  | (Okawaru gifted it to you on level 2 of the Vaults)
 46633 | Vaults:2 | Found a broken altar of Ashenzari.
 47474 | Vaults:3 | Reached skill level 10 in Dodging
 47696 | Vaults:3 | Received a gift from Okawaru
 47817 | Vaults:3 | Received a gift from Okawaru
 48906 | Vaults:3 | Reached XP level 21. HP: 178/201 MP: 21/26
 49030 | Vaults:3 | Found Pud Dap's Weapon Shop.
 49231 | Vaults:3 | Received a gift from Okawaru
 49604 | Vaults:4 | Received a gift from Okawaru
 49616 | Vaults:4 | Got a crude chain mail {god gift}
 49620 | Vaults:4 | Identified the +1 chain mail "Ajyotaaq" {Str+6 Int+4
                  | Stlth+} (Okawaru gifted it to you on level 4 of the Vaults)
 50968 | Vaults:4 | Reached skill level 10 in Throwing
 51006 | Vaults:4 | Received a gift from Okawaru
 51288 | Vaults:5 | Entered Level 5 of the Vaults
 51683 | Vaults:5 | Reached XP level 22. HP: 200/213 MP: 22/27
 51725 | Vaults:5 | Identified the +4 scale mail of Sorcery {rF+ Str+3}
 52066 | Vaults:5 | Received a gift from Okawaru
 52275 | Vaults:5 | Cast into level 2 of the Abyss (a deep elf sorcerer)
 52462 | Abyss:2  | Upgraded the game from 0.26.0-3-g156281e41b to
                  | 0.26.0-7-g794d0892b4
 52800 | Abyss:2  | Got a glittering pewter ring
 53117 | Vaults:5 | Escaped the Abyss
 53144 | Vaults:5 | Identified the ring "Nillo" {rElec rPois Int+2 Dex+2 SInv}
                  | (You found it on level 2 of the Abyss)
 53145 | Vaults:5 | Identified the +4 ring mail of the Silversmith {rElec rCorr
                  | Str+6} (You found it on level 5 of the Vaults)
 53151 | Vaults:5 | Got a spiked chain mail
 53197 | Vaults:5 | Received a gift from Okawaru
 53250 | Vaults:5 | Received a gift from Okawaru
 53867 | Vaults:5 | Received a gift from Okawaru
 54097 | Vaults:5 | Identified the +2 chain mail of the Salmon {rElec rC++
                  | MP+9} (You found it on level 5 of the Vaults)
 54170 | Vaults:5 | Identified the +8 lajatang of Garonut {flame, rPois rC+
                  | Int+3 Stlth-}
 54170 | Vaults:5 | Identified the ring of Xuhim {*Tele rC+ Str+3}
 54258 | Vaults:5 | Noticed Margery
 54275 | Vaults:5 | Killed Margery
 54276 | Vaults:5 | Reached XP level 23. HP: 225/225 MP: 28/28
 54308 | Vaults:5 | Received a gift from Okawaru
 54309 | Vaults:5 | Found the +2 cloak of the Thief {*Fog Slay-2 SInv Stlth+}
 54455 | Vaults:5 | Identified the cursed +0 leather armour of the Butcher
                  | {*Contam +Blink Will+++ Str-3}
 54610 | Vaults:5 | Noticed Boris
 54624 | Vaults:5 | Killed Boris
 54935 | Vaults:5 | Found Loenk's Antique Armour Boutique.
 55282 | Vaults:5 | Got a silver rune of Zot
 55489 | Vaults:1 | Found a gateway to a bazaar.
 55573 | Bazaar   | Entered a bazaar
 55592 | Bazaar   | Found Ujeg's Antique Weapon Emporium.
 55603 | Bazaar   | Found Wolepsot's Gadget Emporium.
 55614 | Bazaar   | Found Qarphasua's Gadget Shoppe.
 55646 | Bazaar   | Found Huhitz's General Store.
 55668 | Bazaar   | Found Voqaweygg's Book Emporium.
 56022 | Vaults:1 | Reached skill level 1 in Evocations
 56886 | Depths:1 | Entered Level 1 of the Depths
 56918 | Depths:1 | Received a gift from Okawaru
 56941 | Depths:1 | Paralysed by an ogre mage for 2 turns
 57384 | Depths:1 | Received a gift from Okawaru
 57451 | Depths:1 | Found Kojoolog's Jewellery Shoppe.
 57459 | Depths:1 | Bought the ring of Bacluorua {+Blink rF++ AC+4 Int+6} for
                  | 1201 gold pieces
 57498 | Depths:1 | Reached skill level 5 in Evocations
 57877 | Depths:1 | Found a one-way gate leading to the halls of Pandemonium.
 57999 | Depths:1 | Found a gateway to Hell.
 58021 | Depths:1 | Reached XP level 24. HP: 238/238 MP: 28/28
 58472 | Depths:2 | Noticed Boris
 58515 | Depths:2 | Killed Boris
 58546 | Depths:2 | Noticed a caustic shrike
 58563 | Depths:2 | Killed a caustic shrike
 59084 | Depths:2 | Reached skill level 15 in Throwing
 59087 | Depths:2 | Received a gift from Okawaru
 59202 | Depths:2 | Learned a level 1 spell: Apportation
 59204 | Depths:2 | Learned a level 1 spell: Animate Skeleton
 59209 | Depths:2 | Learned a level 4 spell: Passage of Golubria
 59212 | Depths:2 | Learned a level 2 spell: Corpse Rot
 59244 | Depths:2 | Paralysed by a floating eye for 4 turns
 59246 | Depths:2 | Noticed a caustic shrike
 59251 | Depths:2 | Paralysed by a floating eye for 2 turns
 59266 | Depths:2 | Killed a caustic shrike
 59267 | Depths:2 | Reached skill level 1 in Necromancy
 59275 | Depths:2 | Paralysed by a floating eye for 3 turns
 59321 | Depths:2 | Paralysed by a floating eye for 3 turns
 59875 | Depths:2 | Received a gift from Okawaru
 59889 | Depths:2 | Found the +3 robe of Clouds {+Thunder rCloud rElec}
 60058 | Depths:2 | Received a gift from Okawaru
 60310 | Depths:3 | Noticed Jory
 60338 | Depths:3 | Reached skill level 5 in Translocations
 60360 | Depths:3 | Killed Jory
 60395 | Depths:3 | Got a translucent silver ring
 60428 | Depths:3 | Found a magical portal.
 60436 | Depths:3 | Found a flickering gateway to a bazaar.
 60445 | Bazaar   | Entered a bazaar
 60512 | Bazaar   | Found Wag Sem's Armour Boutique.
 60530 | Bazaar   | Found Kuecupiz's Antique Weapon Emporium.
 60547 | Bazaar   | Found Ecuust's Magic Scroll Boutique.
 60564 | Bazaar   | Found Refeo's Antique Armour Shoppe.
 60631 | Depths:3 | Reached skill level 5 in Necromancy
 60638 | Depths:3 | Noticed an ancient lich
 60649 | Depths:3 | Killed an ancient lich
 60650 | Depths:3 | Reached XP level 25. HP: 216/245 MP: 28/28
 60715 | WizLab   | Entered The Chambers of the Cloud Mage
 60735 | WizLab   | Received a gift from Okawaru
 61474 | WizLab   | Identified the +2 robe of Insatiable Hunger {Rampage rPois
                  | rN++ Int-4}
 61523 | WizLab   | Identified the Disquisition on Air
 61526 | WizLab   | Identified the ring "Gubiarhe" {Fire rPois} (You found it
                  | on level 3 of the Depths)
 61668 | Depths:3 | Found a gateway to a ziggurat.
 61928 | Depths:3 | Noticed a juggernaut
 61949 | Depths:3 | Killed a juggernaut
 61949 | Depths:3 | Received a gift from Okawaru
 61975 | Depths:3 | Reached skill level 15 in Shields
 62341 | Depths:3 | Found a corrupted altar of Lugonu.
 62718 | Depths:4 | Reached skill level 10 in Invocations
 63911 | Depths:4 | Identified the +6 falchion "Kiureu" {holy, *Drain rN+++
                  | Will- Int+3}
 63911 | Depths:4 | Noticed the Enchantress
 63930 | Depths:4 | Killed the Enchantress
 63939 | Depths:4 | Received a gift from Okawaru
 64021 | Depths:4 | Reached XP level 26. HP: 238/254 MP: 26/29
 64023 | Depths:4 | Got a jewelled plate armour
 64024 | Depths:4 | Identified the +2 plate armour "Itzaibb" {Harm Int+2 Dex-2
                  | Slay+5} (You found it on level 4 of the Depths)
 64671 | Depths:4 | Received a gift from Okawaru
 65239 | Depths:4 | Received a gift from Okawaru
 65386 | Depths:4 | Reached skill level 15 in Armour
 65821 | Depths:5 | Entered Level 5 of the Depths
 66372 | Depths:5 | Received a gift from Okawaru
 66687 | Depths:5 | Found a gate to the Realm of Zot.
 67166 | Zot:1    | Entered Level 1 of the Realm of Zot
 67435 | Zot:1    | Reached XP level 27. HP: 261/261 MP: 29/29
 67492 | Zot:1    | Noticed an orb of fire
 67508 | Zot:1    | Killed an orb of fire
 67798 | Zot:1    | Noticed an orb of fire
 67805 | Zot:1    | Killed an orb of fire
 67863 | Zot:1    | Learned a level 2 spell: Swiftness
 68463 | Zot:3    | Received a gift from Okawaru
 68485 | Zot:3    | Reached skill level 10 in Evocations
 68772 | Zot:4    | Received a gift from Okawaru
 69090 | Zot:4    | Noticed an orb of fire
 69111 | Zot:4    | Killed an orb of fire
 69959 | Zot:5    | Entered Level 5 of the Realm of Zot
 70574 | Zot:5    | Received a gift from Okawaru
 70615 | Zot:5    | Noticed an ancient lich
 70636 | Zot:5    | Killed an ancient lich
 70636 | Zot:5    | Received a gift from Okawaru
 70803 | Zot:5    | Noticed an ancient lich
 70822 | Zot:5    | Killed an ancient lich
 70990 | Zot:5    | Noticed an orb of fire
 71010 | Zot:5    | Killed an orb of fire
 71149 | Zot:5    | Noticed an orb of fire
 71327 | Zot:4    | Received a gift from Okawaru
 71748 | Zot:5    | Killed an orb of fire
 71762 | Zot:5    | Noticed an ancient lich
 71767 | Zot:5    | Noticed an orb of fire
 71769 | Zot:5    | Noticed an ancient lich
 71775 | Zot:5    | Killed an ancient lich
 71798 | Zot:5    | Killed an ancient lich
 71804 | Zot:5    | Killed an orb of fire
 72531 | Zot:5    | Received a gift from Okawaru
 72566 | Zot:5    | Got the Orb of Zot
 72576 | Zot:5    | Noticed Rioj the pandemonium lord
 72576 | Zot:5    | Noticed an ancient lich
 72698 | Zot:3    | Noticed Vegam the pandemonium lord
 72923 | Depths:3 | Noticed Iwucir the pandemonium lord
 73138 | D:9      | Noticed a seraph
 73193 | D:6      | Noticed Wunix the pandemonium lord
 73351 | D:$      | Escaped with the Orb!

Illustrated notes

Levels and vault maps discovered:
D:1:      dpeg_arrival_rooms_c, layout_basic, palyth_stone_intersect,
          corexii_corridor_pit
D:2:      layout_rooms, ashenzari_altar_1, grunt_gozag_breadcrumbs
D:3:      layout_basic, lemuel_doored_altar
D:4:      layout_basic, cheibriados_altar_1, portal_sewer_entry_d,
          uniq_crazy_yiuf_cottage
D:5:      layout_rooms, fedhas_bush_and_centaur_altar, serial_curves,
          eino_curves_01, eino_curves_01, grunt_dithmenos_smoke
D:6:      layout_rooms, okawaru_metal_pillars_3, minmay_temple_entry_crystal_x,
          gup_sewer_entry_bubbles
D:7:      layout_basic, grunt_tough_drop
D:8:      argonaut_augean_stables, layout_basic, nemelex_altar_shiori,
          due_lair_maze_entry_diamond, serial_park_tiny_pond,
          minmay_hollow_rounded_squares
D:9:      layout_roguey, nzn_hepliaklqana_mist_gate, nrook_mini_backslash
D:10:     layout_basic, orc_0_dummy
D:11:     layout_cave_pools, serial_shops, nicolae_shop_overgrown_old_shop,
          minivault_23, st_stairs_5, uniq_sonja, uniq_nergalle
D:12:     layout_small_grid, ebering_dispersal_statue_hall,
          nicolae_transmutations_shop, uniq_snorg
D:13:     layout_loops_cross, grunt_vaults_entry_tiered, special_room
          [special_room_orc], serial_shops, nicolae_shop_window_shopping,
          uniq_frances
D:14:     layout_irregular_city, portal_ice_cave_entry_pillars_1,
          minmay_misc_feat_rugged
D:15:     hangedman_depths_entry_civil_slaughter, layout_long_grid,
          nicolae_benzene_ring, gammafunk_ghost_hive
Temple:   nicolae_temple_great_sept
Lair:1:   layout_roguey, chequers_serial_rivers_room_b, grunt_megastairs_4
Lair:2:   nzn_winding_woodlands_cross [nzn_winding_woodlands_5x15_longhouse,
          nzn_winding_woodlands_5x15_default,
          nzn_winding_woodlands_5x15_sidewinder,
          nzn_winding_woodlands_5x15_lazy_stream,
          nzn_winding_woodlands_15x15_five_gardens], layout_chaotic_city,
          dummy_snake_entry, infiniplex_staircase_pool
Lair:3:   layout_regular_city, minmay_shoals_entry_hut, serial_rivers,
          chequers_serial_rivers_room_b, chequers_serial_rivers_small_a,
          chequers_serial_rivers_marsh, chequers_serial_rivers_small_3,
          chequers_serial_rivers_micro_a, gammafunk_ghost_grave, minivault_25
Lair:4:   layout_regular_city, lemuel_fruit_tree, serial_bayou_shore_a,
          lemuel_fruit_fields, grunt_megastairs_5
Lair:5:   beast_lair_carwin_large_1, layout_regular_city, slime_dummy,
          serial_bayou_ford_a, st_stairs_5
Lair:6:   gammafunk_lair_ancient_temple, layout_loops_ring
Shoals:1: layout_shoals, gammafunk_ghost_berserking_beasts, serial_shops,
          bzr_entry_customers, uniq_jorgrun, uniq_kirke
Shoals:2: layout_shoals, serial_shops, nicolae_shop_competitors_out_of_business,
          amcnicky_altar_lugonu_corruption
Shoals:3: cheibrodos_shoals_baths, layout_shoals, serial_shops, shop_fountains,
          uniq_polyphemus, uniq_nikola
Shoals:4: shoals_end_simple, layout_shoals, nicolae_shoals_isolated_beach
Snake:1:  layout_onion_interference, lemuel_oklob_altar, uniq_aizul
Snake:2:  layout_layer_cave, serial_shops, nicolae_shop_statue_plus,
          uniq_asterion
Snake:3:  layout_rooms, uniq_agnes
Snake:4:  grunt_snake_rune_serpentine_throne, layout_misc_corridors,
          nicolae_snake_biting_tails
Orc:1:    layout_caves, serial_shops, nicolae_shop_window_shopping
Orc:2:    st_orc_elflike, layout_caves, uniq_saint_roka
Vaults:1: nicolae_vaults_network_quincunx
          [nicolae_vaults_network_quincunx_subvault,
          nicolae_vaults_network_quincunx_subvault,
          nicolae_vaults_network_quincunx_subvault,
          nicolae_vaults_network_quincunx_subvault,
          nicolae_vaults_network_quincunx_subvault], hangedman_vaults_nodes,
          v_misc_25, nicolae_vaults_little_squares_1, ontoclasm_vaults_spin,
          dpeg_vaults_monster_box, nicolae_vaults_network_periphery, v_misc_1,
          layout_vaults_omnigrid, serial_shops, statue_bzr
Vaults:2: vaults_mumra_bighexcomb, vaults_mumra_minichess, v_misc_30, v_misc_18,
          vaults_mumra_lcd, v_misc_3, nicolae_vaults_disjoint_gnomons,
          hangedman_vaults_unwind, vaults_dpeg_spiral, nicolae_vaults_little_ls,
          layout_vaults_chaotic_city, serial_shops, shop, basic_altar,
          uniq_donald
Vaults:3: nicolae_vaults_little_squares_2, v_misc_33,
          nicolae_vaults_yaktaur_gun_rack, vaults_standard_mumra_lines,
          v_misc_8, v_misc_27, v_pattern_3, v_misc_1, v_misc_22,
          nicolae_vaults_inception_scallops, ontoclasm_vaults_claustrophobia,
          nicolae_vaults_specimen_jars, layout_vaults_ring, serial_shops,
          nicolae_shop_crystal
Vaults:4: hangedman_vaults_slice, st_octagons_2,
          nicolae_vaults_big_angled_halls, nicolae_vaults_little_squares_4,
          ontoclasm_vaults_twist, vaults_room_grid, vaults_room_fancy_cross,
          vaults_room_grunt_arrival_ludios, hangedman_vaults_corner_blocks,
          nicolae_vaults_network_s, v_misc_4, layout_vaults_omnicross
Vaults:5: uniq_margery, uniq_boris
Depths:1: cheibrodos_tormentor_scu, layout_gridlike, pan_entry, hell_entry,
          grunt_decor_resistance, chequers_serial_rivers_small_3,
          grunt_ministairs_14, minmay_shop_enchanted_jewellery, st_stairs_14,
          minivault_22, minmay_misc_feat_pillars, kennysheep_windowed_goal
Depths:2: hangedman_arch_fort, layout_gridville, hell_entry,
          serial_sigils_hangedman_confine, minmay_misc_feat_secret_circle,
          infiniplex_staircase_squiggle
Depths:3: minmay_connected_boxes_in_corner, layout_cave_pools, enter_ziggurat_d,
          serial_shops, freezing_bzr, infiniplex_staircase_pool_1, pan_entry,
          abyss_entry_flame_altar, infiniplex_enter_wizlab_water,
          pf_hell_entry_tar_river, uniq_jory
Depths:4: gammafunk_depths_water_palace, layout_gridville,
          hangedman_abyss_entry_splay, pan_entry, special_room
          [special_room_mythical_zoo], hellmouth_1, minmay_misc_feat_square
Depths:5: evilmike_zot_entry_hall, layout_small_grid, lightli_too_deep,
          hangedman_decor_growths, uniq_enchantress
Zot:1:    layout_concentric_octagons
Zot:2:    kennysheep_bubbly, layout_cathedral_of_symmetry, st_stairs_10
Zot:3:    layout_concentric_octagons, hangedman_elemental_corridor
Zot:4:    hangedman_zot_vaults_quadrants, layout_onion_interference,
          st_large_dragon_hoard_4
Zot:5:    layout_gridlike, grunt_ministairs_2

Skill      XL: |  1  2  3  4  5  6  7  8  9 10 11 12 13 14 15 16 17 18 19 20 21 22 23 24 25 26 27 |
---------------+----------------------------------------------------------------------------------+-----
Unarmed Combat | 3 4 5 6 8 10 12 14 15 17 20 21 22 23 24 26 | 26.0
Fighting       | 3 4 5 6 8 10 12 15 17 19 20 21 22 24 26 | 26.0
Armour         | 3 5 7 9 10 12 15 | 15.8
Invocations    | 6 8 10 | 10.0
Shields        | 5 6 10 11 12 13 15 | 15.0
Throwing       | 5 8 10 12 13 15 | 15.0
Dodging        | 7 10 12 13 | 13.0
Evocations     | 5 13 | 13.3
Necromancy     | 5 |  5.0
Translocations | 6 |  6.0
Spellcasting   | |  1.7

Action                   |  1- 3 |  4- 6 |  7- 9 | 10-12 | 13-15 | 16-18 | 19-21 | 22-24 | 25-27 || total
-------------------------+-------+-------+-------+-------+-------+-------+-------+-------+-------++-------
Melee: Unarmed           |   148 |   161 |   390 |   620 |  1365 |  1521 |  1535 |  1607 |  2297 ||  9644
       Punch             |     5 |     3 |    14 |    45 |    70 |       |       |       |       ||   137
Throw: Dart              |       |     3 |     4 |     4 |       |       |       |       |       ||    11
       Stone             |       |       |       |     2 |       |       |       |       |       ||     2
       Boomerang         |       |       |       |       |       |    11 |       |       |       ||    11
 Cast: Corpse Rot        |       |       |       |       |       |       |       |       |     1 ||     1
       Passage of Golubr |       |       |       |       |       |       |       |       |     1 ||     1
Invok: Heroism           |       |       |       |    10 |    11 |     3 |     7 |       |    10 ||    41
       Finesse           |       |       |       |       |       |       |     1 |       |     2 ||     3
Evoke: Wand              |       |       |     2 |    23 |     5 |       |       |     1 |     6 ||    37
       Condenser vane    |       |       |       |       |       |       |       |       |     3 ||     3
  Use: Scroll            |     1 |    10 |    14 |     6 |    12 |    13 |     5 |     9 |    10 ||    80
       Potion            |       |     3 |       |     8 |     2 |     3 |     4 |     4 |    16 ||    40
 Stab: Invisible         |       |       |       |     1 |       |       |       |       |       ||     1
       Sleeping          |       |       |       |       |       |     1 |       |       |       ||     1
       Distracted        |       |       |       |       |       |     2 |       |       |     1 ||     3
Armor: Leather armour    |     1 |       |       |       |       |       |       |       |       ||     1
       Ring mail         |    49 |    57 |   121 |   190 |   327 |   242 |   133 |       |       ||  1119
       Fire dragon scale |       |       |       |       |       |       |   139 |    69 |       ||   208
       Scale mail        |       |       |       |       |       |       |       |   216 |   137 ||   353
       Quicksilver drago |       |       |       |       |       |       |       |       |   329 ||   329
Dodge: Dodged            |    74 |    77 |   164 |   284 |   477 |   452 |   535 |   552 |   855 ||  3470
       Repelled          |       |       |     1 |       |       |       |       |       |       ||     1
Block: Other             |       |       |     5 |   135 |   143 |     3 |       |       |       ||   286
       Reflection        |       |       |       |     7 |     1 |       |       |       |       ||     8
       Kite shield       |       |       |       |       |   436 |  1449 |  1243 |   979 |  1659 ||  5766
       Tower shield      |       |       |       |       |       |       |       |   381 |    53 ||   434
